3AAA
HIALEAH DODOS @ WICHITA OUTRIDERS
08/13/2018
 
TOP OF THE 1ST
Hialeah Dodos batting - Pitching for Wichita Outriders : LHP Jim Unknown
Pitching: LHP Jim Unknown
Batting: RHB Herman Cook 0-0: Called Strike
0-1: Swinging Strike
0-2: Ball
1-2: Ball
2-2: Ball
3-2: Strikes out looking
Batting: LHB Bill Griffin 0-0: Swinging Strike
0-1: Foul Ball, location: 2F
0-2: Foul Ball, location: 2F
0-2: Ball
1-2: Strikes out looking
Batting: LHB Motoshige Kitamura 0-0: Ball
1-0: Ball
2-0: Called Strike
2-1: Swinging Strike
2-2: Foul Ball, location: 2F
2-2: Ball
3-2: Fly out, F8 (Flyball, 8LM)
Top of the 1st over - 0 run(s), 0 hit(s), 0 error(s), 0 left on base; Hialeah 0 - Wichita 0
BOTTOM OF THE 1ST
Wichita Outriders batting - Pitching for Hialeah Dodos : LHP Jim Unknown
Pitching: LHP Jim Unknown
Batting: RHB Jorge Vázquez 0-0: Ball
1-0: Foul Ball, location: 2F
1-1: Ball
2-1: Ground out U3 (Groundball, 3)
Batting: LHB Jim Unknown 0-0: Ball
1-0: Ball
2-0: Called Strike
2-1: Ball
3-1: Called Strike
3-2: Strikes out swinging
Batting: LHB Herman Gilliland 0-0: Called Strike
0-1: Swinging Strike
0-2: SINGLE (Groundball, 3D)
Batting: RHB Ron Humboldt 0-0: Ball
1-0: Ball
2-0: Fielders Choice at 2nd, U4 (Groundball, 4M)
Bottom of the 1st over - 0 run(s), 1 hit(s), 0 error(s), 1 left on base; Hialeah 0 - Wichita 0
TOP OF THE 2ND
Hialeah Dodos batting - Pitching for Wichita Outriders : LHP Jim Unknown
Batting: RHB Joe Andrews 0-0: SINGLE (Line Drive, 78S)
Batting: RHB Peter Baker 0-0: Ball
1-0: Called Strike
1-1: Called Strike
1-2: Ball
2-2: Ball
3-2: Grounds into double play, U4-3 (Groundball, 4M)
Batting: RHB Kelly Flint 0-0: Ball
1-0: Swinging Strike
Single, Error in OF, E8, batter to second base
Batting: RHB Mitch Jensen 0-0: Called Strike
0-1: Swinging Strike
0-2: Ball
1-2: Foul Ball, location: 2F
1-2: Ball
2-2: Foul Ball, location: 2F
2-2: Strikes out swinging
Top of the 2nd over - 0 run(s), 2 hit(s), 1 error(s), 1 left on base; Hialeah 0 - Wichita 0
BOTTOM OF THE 2ND
Wichita Outriders batting - Pitching for Hialeah Dodos : LHP Jim Unknown
Batting: SHB Jim Unknown 0-0: Called Strike
0-1: Ball
1-1: Swinging Strike
1-2: Ball
2-2: Ball
3-2: Foul Ball, location: 2F
3-2: Base on Balls
Batting: RHB Christian O'Neal 0-0: Ball
1-0: Foul Ball, location: 2F
1-1: SINGLE (Groundball, 6D) (infield hit)
Jim Unknown to second
Batting: RHB Jim Unknown 0-0: Called Strike
0-1: Ball
1-1: Called Strike
1-2: Ball
2-2: Fly out, F8 (Flyball, 8RD)
Runner from 2nd tags up, SAFE at 3rd, no throw
Batting: RHB Jorge Rocha 0-0: Called Strike
0-1: Ball
1-1: Fly out, F7 (Flyball, 78M)
Batting: RHB Jim Unknown 0-0: Foul Ball, location: 2F
0-1: Foul Ball, location: 2F
0-2: Foul Ball, location: 2F
0-2: Ball
1-2: Fly out, F1 (Popup, 15S)
Bottom of the 2nd over - 0 run(s), 1 hit(s), 0 error(s), 2 left on base; Hialeah 0 - Wichita 0
TOP OF THE 3RD
Hialeah Dodos batting - Pitching for Wichita Outriders : LHP Jim Unknown
Batting: RHB Ji-chol Yang 0-0: Called Strike
0-1: Ball
1-1: Foul Ball, location: 2F
1-2: Ground out 6-3 (Groundball, 6)
Batting: RHB Reece White 0-0: Fly out, F3 (Popup, 3SF)
Batting: RHB Herman Cook 0-0: Fly out, F8 (Flyball, 89M)
Top of the 3rd over - 0 run(s), 0 hit(s), 0 error(s), 0 left on base; Hialeah 0 - Wichita 0
BOTTOM OF THE 3RD
Wichita Outriders batting - Pitching for Hialeah Dodos : LHP Jim Unknown
Batting: RHB Jorge Vázquez 0-0: Foul Ball, location: 2F
0-1: Called Strike
0-2: SINGLE (Groundball, 34S)
Batting: LHB Jim Unknown 0-0: Fielders Choice at 2nd, 4-6 (Groundball, 4)
Batting: LHB Herman Gilliland 0-0: Ground out 4-3 (Groundball, 13)
Jim Unknown to second
Batting: RHB Ron Humboldt 0-0: Foul Ball, location: 2F
0-1: Ball
1-1: Swinging Strike
1-2: Ball
2-2: Ball
3-2: Ground out 3-1 (Groundball, 34)
Bottom of the 3rd over - 0 run(s), 1 hit(s), 0 error(s), 1 left on base; Hialeah 0 - Wichita 0
TOP OF THE 4TH
Hialeah Dodos batting - Pitching for Wichita Outriders : LHP Jim Unknown
Batting: LHB Bill Griffin 0-0: Ground out U3 (Groundball, 3S)
Batting: LHB Motoshige Kitamura 0-0: Called Strike
0-1: Fly out, F8 (Flyball, 8RM)
Batting: RHB Joe Andrews 0-0: Ball
1-0: Foul Ball, location: 2F
1-1: Swinging Strike
1-2: Ball
2-2: Ball
3-2: Foul Ball, location: 2F
3-2: Strikes out swinging
Top of the 4th over - 0 run(s), 0 hit(s), 0 error(s), 0 left on base; Hialeah 0 - Wichita 0
BOTTOM OF THE 4TH
Wichita Outriders batting - Pitching for Hialeah Dodos : LHP Jim Unknown
Batting: SHB Jim Unknown 0-0: Ball
1-0: Called Strike
1-1: Ball
2-1: Ball
3-1: Called Strike
3-2: Strikes out swinging
Batting: RHB Christian O'Neal 0-0: Ball
1-0: Ball
2-0: Ball
3-0: Base on Balls
Batting: RHB Jim Unknown 0-0: SINGLE (Line Drive, 89S)
Christian O'Neal to second
Batting: RHB Jorge Rocha 0-0: Ball
1-0: Fielders Choice at 3rd, U5 (Groundball, 5L)
Jim Unknown to second
Batting: RHB Jim Unknown 0-0: Swinging Strike
0-1: Ball
1-1: Swinging Strike
1-2: SINGLE (Groundball, 56D)
Jim Unknown to third
Jorge Rocha to second
Runner from 3rd tries for Home, SAFE, no throw or cutoff
Batting: RHB Jorge Vázquez 0-0: Ball
1-0: Fly out, F9 (Flyball, 89M)
Bottom of the 4th over - 1 run(s), 2 hit(s), 0 error(s), 2 left on base; Hialeah 0 - Wichita 1
TOP OF THE 5TH
Hialeah Dodos batting - Pitching for Wichita Outriders : LHP Jim Unknown
Batting: RHB Peter Baker 0-0: Called Strike
0-1: Swinging Strike
0-2: Ball
1-2: Fly out, F9 (Line Drive, 9M)
Batting: RHB Kelly Flint 0-0: Called Strike
0-1: Ball
1-1: Ball
2-1: Called Strike
2-2: Fly out, F8 (Flyball, 8LS)
Batting: RHB Mitch Jensen 0-0: Foul Ball, location: 2F
0-1: Ball
1-1: Foul Ball, location: 2F
1-2: Ball
2-2: Fly out, F8 (Flyball, 8LM)
Top of the 5th over - 0 run(s), 0 hit(s), 0 error(s), 0 left on base; Hialeah 0 - Wichita 1
BOTTOM OF THE 5TH
Wichita Outriders batting - Pitching for Hialeah Dodos : LHP Jim Unknown
Batting: LHB Jim Unknown 0-0: Called Strike
0-1: Ball
1-1: SINGLE (Groundball, 6MD) (infield hit)
Batting: LHB Herman Gilliland 0-0: Ball
1-0: Called Strike
1-1: Ball
2-1: Called Strike
2-2: Foul Ball, location: 2F
2-2: SINGLE (Line Drive, 4D)
Jim Unknown to second
Batting: RHB Ron Humboldt 0-0: Foul Ball, location: 2F
0-1: Swinging Strike
0-2: Fielders Choice at 2nd, 1-6 (Groundball, 15)
Jim Unknown to third
Batting: SHB Jim Unknown 0-0: Called Strike
0-1: Foul Ball, location: 2F
0-2: Strikes out swinging
Batting: RHB Christian O'Neal 0-0: Ball
1-0: Foul Ball, location: 2F
1-1: Ball
2-1: Fly out, F8 (Flyball, 8LXD)
Bottom of the 5th over - 0 run(s), 2 hit(s), 0 error(s), 2 left on base; Hialeah 0 - Wichita 1
TOP OF THE 6TH
Hialeah Dodos batting - Pitching for Wichita Outriders : LHP Jim Unknown
Batting: RHB Ji-chol Yang 0-0: Swinging Strike
0-1: Ball
1-1: Ball
2-1: Ball
3-1: Swinging Strike
3-2: Foul Ball, location: 2F
3-2: Strikes out swinging
Batting: RHB Reece White 0-0: Ball
1-0: Ball
2-0: Ball
3-0: Called Strike
3-1: Swinging Strike
3-2: Base on Balls
Batting: RHB Herman Cook 0-0: Ball
1-0: Ball
2-0: Called Strike
2-1: Ball
3-1: Foul Ball, location: 2F
3-2: Grounds into double play, 5-4-3 (Groundball, 56)
Top of the 6th over - 0 run(s), 0 hit(s), 0 error(s), 0 left on base; Hialeah 0 - Wichita 1
BOTTOM OF THE 6TH
Wichita Outriders batting - Pitching for Hialeah Dodos : LHP Jim Unknown
Batting: RHB Jim Unknown 0-0: Ball
1-0: Foul Ball, location: 2F
1-1: Ball
2-1: Ball
3-1: Fly out, F7 (Line Drive, 7LM)
Batting: RHB Jorge Rocha 0-0: Ball
1-0: Ball
2-0: Ball
3-0: Called Strike
3-1: Base on Balls
Batting: RHB Jim Unknown 0-0: Called Strike
0-1: Ball
1-1: Fielders Choice at 2nd, 1-4 (Groundball, 15)
Batting: RHB Jorge Vázquez 0-0: Fielders Choice at 2nd, U6 (Groundball, 6M)
Bottom of the 6th over - 0 run(s), 0 hit(s), 0 error(s), 1 left on base; Hialeah 0 - Wichita 1
TOP OF THE 7TH
Hialeah Dodos batting - Pitching for Wichita Outriders : LHP Jim Unknown
Batting: LHB Bill Griffin 0-0: Foul Ball, location: 2F
0-1: Ball
1-1: Foul Ball, location: 2F
1-2: Foul Ball, location: 2F
1-2: Strikes out swinging
Batting: LHB Motoshige Kitamura 0-0: SINGLE (Groundball, 3L)
Batting: RHB Joe Andrews 0-0: Foul Ball, location: 2F
0-1: Foul Ball, location: 2F
0-2: Strikes out swinging
Motoshige Kitamura steals 2nd base
Batter strikes out.
Batting: RHB Peter Baker 0-0: Swinging Strike
0-1: Ball
1-1: Swinging Strike
1-2: Strikes out looking
Top of the 7th over - 0 run(s), 1 hit(s), 0 error(s), 1 left on base; Hialeah 0 - Wichita 1
BOTTOM OF THE 7TH
Wichita Outriders batting - Pitching for Hialeah Dodos : LHP Jim Unknown
Batting: LHB Jim Unknown 0-0: Ball
1-0: Swinging Strike
1-1: Swinging Strike
1-2: Strikes out swinging
Batting: LHB Herman Gilliland 0-0: Ball
1-0: Foul Ball, location: 2F
1-1: Swinging Strike
1-2: Ball
2-2: Ball
3-2: Base on Balls
Batting: RHB Ron Humboldt 0-0: Fly out, F9 (Popup, 9S)
Batting: SHB Jim Unknown 0-0: Swinging Strike
0-1: Swinging Strike
0-2: Ball
1-2: Fly out, F9 (Flyball, 9S)
Bottom of the 7th over - 0 run(s), 0 hit(s), 0 error(s), 1 left on base; Hialeah 0 - Wichita 1
TOP OF THE 8TH
Hialeah Dodos batting - Pitching for Wichita Outriders : LHP Jim Unknown
Batting: RHB Kelly Flint 0-0: Ball
1-0: Ball
2-0: Ball
3-0: Called Strike
3-1: Called Strike
3-2: Base on Balls
Batting: RHB Mitch Jensen 0-0: Called Strike
0-1: Ball
1-1: Called Strike
1-2: Ball
2-2: Foul Ball, location: 2F
2-2: Foul Ball, location: 2F
2-2: Strikes out looking
Batting: RHB Ji-chol Yang 0-0: Called Strike
0-1: Called Strike
0-2: Strikes out looking
Batting: RHB Reece White 0-0: Foul Ball, location: 2F
0-1: Foul Ball, location: 2F
0-2: Ball
1-2: Ball
2-2: Strikes out swinging
Top of the 8th over - 0 run(s), 0 hit(s), 0 error(s), 1 left on base; Hialeah 0 - Wichita 1
BOTTOM OF THE 8TH
Wichita Outriders batting - Pitching for Hialeah Dodos : LHP Jim Unknown
Pitching: RHP Brent Riley
Batting: RHB Christian O'Neal 0-0: Ball
1-0: Ball
2-0: Called Strike
2-1: Swinging Strike
2-2: Strikes out swinging
Batting: RHB Jim Unknown 0-0: Called Strike
0-1: Ball
1-1: Fly out, F7 (Line Drive, 78S)
Batting: RHB Jorge Rocha 0-0: Foul Ball, location: 2F
0-1: Ball
1-1: Ball
2-1: Foul Ball, location: 2F
2-2: Foul Ball, location: 2F
2-2: SINGLE (Line Drive, 3D)
Batting: RHB Jim Unknown 0-0: Ball
1-0: SINGLE (Line Drive, 6MD)
Jorge Rocha to second
Pinch Hitting: LHB Jim Unknown 0-0: Ball
1-0: Ball
2-0: Called Strike
2-1: Ground out U3 (Groundball, 3)
Bottom of the 8th over - 0 run(s), 2 hit(s), 0 error(s), 2 left on base; Hialeah 0 - Wichita 1
TOP OF THE 9TH
Hialeah Dodos batting - Pitching for Wichita Outriders : LHP Jim Unknown
Pitching: RHP Jim Unknown
Now at 2B: Jim Unknown
Pinch Hitting: LHB Jeff Conklin 0-0: Ball
1-0: Foul Ball, location: 2F
1-1: Ball
2-1: Foul Ball, location: 2F
2-2: Strikes out swinging
Batting: LHB Bill Griffin 0-0: Foul Ball, location: 2F
0-1: Ball
1-1: Foul Ball, location: 2F
1-2: SOLO HOME RUN (Line Drive, 89XD), Distance : 401 ft
Batting: LHB Motoshige Kitamura 0-0: Fly out, F8 (Flyball, 8RM)
Batting: RHB Joe Andrews 0-0: Called Strike
0-1: Foul Ball, location: 2F
0-2: Ball
1-2: Ball
2-2: Fly out, F8 (Flyball, 8LXD)
Top of the 9th over - 1 run(s), 1 hit(s), 0 error(s), 0 left on base; Hialeah 1 - Wichita 1
BOTTOM OF THE 9TH
Wichita Outriders batting - Pitching for Hialeah Dodos : RHP Brent Riley
Pitching: RHP Paco Galván
Now in LF: Jeff Conklin
Batting: LHB Jim Unknown 0-0: Called Strike
0-1: Foul Ball, location: 2F
0-2: Ball
1-2: Ground out 4-3 (Groundball, 4M)
Batting: LHB Herman Gilliland 0-0: Ball
1-0: SINGLE (Groundball, 34D)
Batting: RHB Ron Humboldt 0-0: Called Strike
0-1: Ball
1-1: Foul Ball, location: 2F
1-2: Ball
2-2: Ball
3-2: Fly out, F9 (Flyball, 9LM)
Batting: SHB Jim Unknown 0-0: Called Strike
0-1: Foul Ball, location: 2F
0-2: Strikes out swinging
Bottom of the 9th over - 0 run(s), 1 hit(s), 0 error(s), 1 left on base; Hialeah 1 - Wichita 1
TOP OF THE 10TH
Hialeah Dodos batting - Pitching for Wichita Outriders : RHP Jim Unknown
Batting: RHB Peter Baker 0-0: SINGLE (Groundball, 34S)
Batting: RHB Kelly Flint 0-0: Ball
1-0: Called Strike
1-1: Bunt missed!
Error on foul ball, E2
1-2: Fly out, F9 (Flyball, 9D)
Runner from 1st tags up, SAFE at 2nd
Batting: RHB Mitch Jensen 0-0: DOUBLE (Line Drive, 8LXD)
Peter Baker scores
Pitching: RHP Jim Unknown
Pinch Hitting: LHB Craig Lovins 0-0: Intentional Walk
Pinch Hitting: LHB José Alvia 0-0: Ball
1-0: Ball
2-0: Foul Ball, location: 2F
2-1: Called Strike
2-2: Grounds into double play, 4-6-3 (Groundball, 4)
Top of the 10th over - 1 run(s), 2 hit(s), 1 error(s), 1 left on base; Hialeah 2 - Wichita 1
BOTTOM OF THE 10TH
Wichita Outriders batting - Pitching for Hialeah Dodos : RHP Paco Galván
Now at 1B: Craig Lovins
Now at SS: Brian King
Now in LF: Luis Trujillo
Batting: RHB Christian O'Neal 0-0: Called Strike
0-1: Ball
1-1: Swinging Strike
1-2: Ground out 6-3 (Groundball, 6)
Batting: RHB Jim Unknown 0-0: Ball
1-0: Ball
2-0: Ball
3-0: Base on Balls
Batting: RHB Jorge Rocha 0-0: Ball
1-0: Ball
2-0: Called Strike
2-1: Fly out, F7 (Flyball, 7D)
Batting: RHB Jim Unknown 0-0: Ball
1-0: Foul Ball, location: 2F
1-1: 2-RUN HOME RUN (Flyball, 78D), Distance : 392 ft
This league is powered by Out of the Park Baseball, the baseball management simulation game for PC, Mac and Linux
Monday, May 4th, 2015 - OOTP Baseball 15.6 Build 34